TOP OF THE 1ST |
Wizarding Express batting - Pitching for Austin Rangers : RHP Art Adams
|
Pitching: RHP Art Adams
|
|
Batting: LHB Nathan Tanner
|
0-0: Called Strike 0-1: Ball 1-1: Fly out, F8 (Flyball, 8LS)
|
Batting: RHB Michael Montgomery
|
0-0: Ball 1-0: Foul Ball, location: 2F 1-1: Foul Ball, location: 2F 1-2: Strikes out swinging
|
Batting: RHB Rafael Arredondo
|
0-0: Foul Ball, location: 2F 0-1: Ball 1-1: Ball 2-1: Ball 3-1: Foul Ball, location: 2F 3-2: SINGLE (Flyball, 8LS)
|
Batting: RHB Cole Shaffer
|
0-0: Called Strike 0-1: Ball 1-1: Ball 2-1: Swinging Strike 2-2: Strikes out swinging
|
Top of the 1st over - 0 run(s), 1 hit(s), 0 error(s), 1 left on base; Wizarding 0 - Austin 0 |
BOTTOM OF THE 1ST |
Austin Rangers batting - Pitching for Wizarding Express : RHP Henry Hall
|
Pitching: RHP Henry Hall
|
|
Batting: RHB Tony Hernández
|
0-0: Ball 1-0: Ball 2-0: SINGLE (Groundball, 25) (infield hit)
|
Batting: RHB Manny Freitas
|
0-0: Called Strike 0-1: Foul Ball, location: 2F 0-2: Ball 1-2: Ball 2-2: Ball 3-2: SINGLE (Line Drive, 7S) Tony Hernández to second Tony Hernández to third
|
Batting: SHB Carlos Kramer
|
0-0: Grounds into double play, 4-6-3 (Groundball, 4) Tony Hernández scores
|
Batting: LHB Jesús Reyes
|
0-0: SINGLE (Flyball, 78S)
|
Batting: RHB Jeff Green
|
0-0: Called Strike 0-1: Swinging Strike 0-2: Ball 1-2: Ball 2-2: Foul Ball, location: 2F 2-2: Ball 3-2: Foul Ball, location: 2F 3-2: Strikes out swinging
|
Bottom of the 1st over - 1 run(s), 3 hit(s), 0 error(s), 1 left on base; Wizarding 0 - Austin 1 |
TOP OF THE 2ND |
Wizarding Express batting - Pitching for Austin Rangers : RHP Art Adams
|
Batting: SHB Eiji Suzuki
|
0-0: Ball 1-0: Swinging Strike 1-1: Ground out 4-3 (Groundball, 4)
|
Batting: RHB António Martínez
|
0-0: Ball 1-0: Ball 2-0: Ball 3-0: Called Strike 3-1: Base on Balls
|
Batting: LHB Chris Thurman
|
0-0: Ball 1-0: Fly out, F8 (Flyball, 8LXD)
|
Batting: RHB Turner Coleman
|
0-0: Ball 1-0: Called Strike 1-1: Fielders Choice at 2nd, U4 (Groundball, 4M)
|
Top of the 2nd over - 0 run(s), 0 hit(s), 0 error(s), 1 left on base; Wizarding 0 - Austin 1 |
BOTTOM OF THE 2ND |
Austin Rangers batting - Pitching for Wizarding Express : RHP Henry Hall
|
Batting: LHB Motoshige Kitamura
|
0-0: Swinging Strike 0-1: Ball 1-1: Foul Ball, location: 2F 1-2: Strikes out swinging
|
Batting: RHB José Muńóz
|
0-0: Ball 1-0: DOUBLE (Line Drive, 7LM)
|
Batting: LHB Enrique Sánchez
|
0-0: Called Strike 0-1: Ground out 1-3 (Groundball, 13) José Muńóz to third
|
Batting: RHB Yuji Ine
|
0-0: Ground out 5-3 (Groundball, 5S)
|
Bottom of the 2nd over - 0 run(s), 1 hit(s), 0 error(s), 1 left on base; Wizarding 0 - Austin 1 |
TOP OF THE 3RD |
Wizarding Express batting - Pitching for Austin Rangers : RHP Art Adams
|
Batting: RHB Nathan Clay
|
0-0: Ball 1-0: Ball 2-0: Fly out, F8 (Flyball, 8LS)
|
Batting: LHB Nathan Tanner
|
0-0: Foul Ball, location: 2F 0-1: Ball 1-1: Ball 2-1: Foul Ball, location: 2F 2-2: Foul Ball, location: 2F 2-2: Foul Ball, location: 2F 2-2: Ground out 4-3 (Groundball, 4)
|
Batting: RHB Michael Montgomery
|
0-0: Ball 1-0: Foul Ball, location: 2F 1-1: Swinging Strike 1-2: Fly out, F9 (Flyball, 89M)
|
Top of the 3rd over - 0 run(s), 0 hit(s), 0 error(s), 0 left on base; Wizarding 0 - Austin 1 |
BOTTOM OF THE 3RD |
Austin Rangers batting - Pitching for Wizarding Express : RHP Henry Hall
|
Batting: RHB Tony Hernández
|
0-0: Ball 1-0: Ball 2-0: Swinging Strike 2-1: Ball 3-1: Base on Balls
|
Batting: RHB Manny Freitas
|
0-0: Ball 1-0: Grounds into double play, 6-4-3 (Groundball, 6)
|
Batting: SHB Carlos Kramer
|
0-0: Ball 1-0: Ball 2-0: Called Strike 2-1: Foul Ball, location: 2F 2-2: Fly out, F9 (Flyball, 9LM)
|
Bottom of the 3rd over - 0 run(s), 0 hit(s), 0 error(s), 0 left on base; Wizarding 0 - Austin 1 |
TOP OF THE 4TH |
Wizarding Express batting - Pitching for Austin Rangers : RHP Art Adams
|
Batting: RHB Rafael Arredondo
|
0-0: Ball 1-0: Ball 2-0: Foul Ball, location: 2F 2-1: Ball 3-1: Swinging Strike 3-2: Strikes out swinging
|
Batting: RHB Cole Shaffer
|
0-0: Ball 1-0: Ball 2-0: Foul Ball, location: 2F 2-1: Swinging Strike 2-2: Ball 3-2: Ground out 5-3 (Groundball, 5S)
|
Batting: SHB Eiji Suzuki
|
0-0: Ball 1-0: Called Strike 1-1: Foul Ball, location: 2F 1-2: Ground out 1-3 (Groundball, 15)
|
Top of the 4th over - 0 run(s), 0 hit(s), 0 error(s), 0 left on base; Wizarding 0 - Austin 1 |
BOTTOM OF THE 4TH |
Austin Rangers batting - Pitching for Wizarding Express : RHP Henry Hall
|
Batting: LHB Jesús Reyes
|
0-0: Ground out 4-3 (Groundball, 4)
|
Batting: RHB Jeff Green
|
0-0: Ball 1-0: Foul Ball, location: 2F 1-1: Ground out 5-3 (Groundball, 56)
|
Batting: LHB Motoshige Kitamura
|
0-0: Foul Ball, location: 2F 0-1: Ball 1-1: Ball 2-1: Foul Ball, location: 2F 2-2: Ground out 6-3 (Groundball, 6MS)
|
Bottom of the 4th over - 0 run(s), 0 hit(s), 0 error(s), 0 left on base; Wizarding 0 - Austin 1 |
TOP OF THE 5TH |
Wizarding Express batting - Pitching for Austin Rangers : RHP Art Adams
|
Batting: RHB António Martínez
|
0-0: Called Strike 0-1: Ball 1-1: Foul Ball, location: 2F 1-2: Strikes out swinging
|
Batting: LHB Chris Thurman
|
0-0: Ball 1-0: Called Strike 1-1: Bunt for hit - play at first, batter OUT! 1-3
|
Batting: RHB Turner Coleman
|
0-0: Ball 1-0: Called Strike 1-1: Ball 2-1: Called Strike 2-2: Foul Ball, location: 2F 2-2: Fly out, F8 (Flyball, 8LD)
|
Top of the 5th over - 0 run(s), 0 hit(s), 0 error(s), 0 left on base; Wizarding 0 - Austin 1 |
BOTTOM OF THE 5TH |
Austin Rangers batting - Pitching for Wizarding Express : RHP Henry Hall
|
Batting: RHB José Muńóz
|
0-0: Ball 1-0: Ball 2-0: Ball 3-0: Base on Balls
|
Batting: LHB Enrique Sánchez
|
0-0: Ball 1-0: Sac Bunt - play at first, batter OUT! 1-3 José Muńóz to second
|
Batting: RHB Yuji Ine
|
0-0: Ball 1-0: Called Strike 1-1: Ground out 6-3 (Groundball, 6M) José Muńóz to third
|
Batting: RHB Tony Hernández
|
0-0: Ball 1-0: Ball 2-0: Ground out 1-3 (Groundball, 13S)
|
Bottom of the 5th over - 0 run(s), 0 hit(s), 0 error(s), 1 left on base; Wizarding 0 - Austin 1 |
TOP OF THE 6TH |
Wizarding Express batting - Pitching for Austin Rangers : RHP Art Adams
|
Batting: RHB Nathan Clay
|
0-0: Ball 1-0: Foul Ball, location: 2F 1-1: Ground out 6-3 (Groundball, 6)
|
Batting: LHB Nathan Tanner
|
0-0: Ball 1-0: Called Strike 1-1: Ground out 4-3 (Groundball, 34)
|
Batting: RHB Michael Montgomery
|
0-0: Ball 1-0: Ground out 6-3 (Groundball, 56)
|
Top of the 6th over - 0 run(s), 0 hit(s), 0 error(s), 0 left on base; Wizarding 0 - Austin 1 |
BOTTOM OF THE 6TH |
Austin Rangers batting - Pitching for Wizarding Express : RHP Henry Hall
|
Batting: RHB Manny Freitas
|
0-0: Called Strike 0-1: Foul Ball, location: 2F 0-2: Ball 1-2: Ground out 1-3 (Groundball, 13)
|
Batting: SHB Carlos Kramer
|
0-0: TRIPLE (Flyball, 9LD)
|
Batting: LHB Jesús Reyes
|
0-0: Intentional Walk
|
Batting: RHB Jeff Green
|
0-0: Called Strike 0-1: Called Strike 0-2: Strikes out swinging
|
Batting: LHB Motoshige Kitamura
|
0-0: Foul Ball, location: 2F 0-1: Ball 1-1: Ball 2-1: Reached on error, E6 (Groundball, 6) Carlos Kramer scores Jesús Reyes to second
|
Batting: RHB José Muńóz
|
0-0: Called Strike 0-1: Foul Ball, location: 2F 0-2: Ball 1-2: Strikes out swinging
|
Bottom of the 6th over - 1 run(s), 1 hit(s), 1 error(s), 2 left on base; Wizarding 0 - Austin 2 |
TOP OF THE 7TH |
Wizarding Express batting - Pitching for Austin Rangers : RHP Art Adams
|
Batting: RHB Rafael Arredondo
|
0-0: Called Strike 0-1: Ball 1-1: Foul Ball, location: 2F 1-2: Ground out 4-3 (Groundball, 13)
|
Batting: RHB Cole Shaffer
|
0-0: Foul Ball, location: 2F 0-1: Ball 1-1: Foul Ball, location: 2F 1-2: Fly out, F5 (Popup, 5L)
|
Batting: SHB Eiji Suzuki
|
0-0: Ball 1-0: Swinging Strike 1-1: Foul Ball, location: 2F 1-2: Fly out, F8 (Flyball, 8RD)
|
Top of the 7th over - 0 run(s), 0 hit(s), 0 error(s), 0 left on base; Wizarding 0 - Austin 2 |
BOTTOM OF THE 7TH |
Austin Rangers batting - Pitching for Wizarding Express : RHP Henry Hall
|
Batting: LHB Enrique Sánchez
|
0-0: Foul Ball, location: 2F 0-1: Ball 1-1: Called Strike 1-2: Ground out 4-3 (Groundball, 4)
|
Batting: RHB Yuji Ine
|
0-0: Ball 1-0: Called Strike 1-1: Swinging Strike 1-2: Strikes out swinging
|
Batting: RHB Tony Hernández
|
0-0: Fly out, F9 (Popup, 9S)
|
Bottom of the 7th over - 0 run(s), 0 hit(s), 0 error(s), 0 left on base; Wizarding 0 - Austin 2 |
TOP OF THE 8TH |
Wizarding Express batting - Pitching for Austin Rangers : RHP Art Adams
|
Batting: RHB António Martínez
|
0-0: Foul Ball, location: 2F 0-1: Ball 1-1: Swinging Strike 1-2: Strikes out swinging
|
Batting: LHB Chris Thurman
|
0-0: Ground out 1-3 (Groundball, 13S)
|
Batting: RHB Turner Coleman
|
0-0: Ball 1-0: Fly out, F7 (Flyball, 7S)
|
Top of the 8th over - 0 run(s), 0 hit(s), 0 error(s), 0 left on base; Wizarding 0 - Austin 2 |
BOTTOM OF THE 8TH |
Austin Rangers batting - Pitching for Wizarding Express : RHP Henry Hall
|
Batting: RHB Manny Freitas
|
0-0: Foul Ball, location: 2F 0-1: Ball 1-1: Called Strike 1-2: Strikes out swinging
|
Batting: SHB Carlos Kramer
|
0-0: Swinging Strike 0-1: Ball 1-1: Ground out 5-3 (Groundball, 5)
|
Batting: LHB Jesús Reyes
|
0-0: Ball 1-0: Foul Ball, location: 2F 1-1: Ground out U3 (Groundball, 3)
|
Bottom of the 8th over - 0 run(s), 0 hit(s), 0 error(s), 0 left on base; Wizarding 0 - Austin 2 |
TOP OF THE 9TH |
Wizarding Express batting - Pitching for Austin Rangers : RHP Art Adams
|
Now at 2B: Riley Howard
|
|
Batting: RHB Nathan Clay
|
0-0: Ball 1-0: Ball 2-0: Ground out 6-3 (Groundball, 6)
|
Batting: LHB Nathan Tanner
|
0-0: Ball 1-0: Swinging Strike 1-1: Swinging Strike 1-2: Ball 2-2: Foul Ball, location: 2F 2-2: SINGLE (Groundball, 4MD) (infield hit)
|
Pitching: RHP Júlio Rodríguez
|
|
Pinch Hitting: LHB Emílio Sáenz
|
0-0: Ball 1-0: Grounds into double play, 1-6-3 (Groundball, 13S)
|
Top of the 9th over - 0 run(s), 1 hit(s), 0 error(s), 0 left on base; Wizarding 0 - Austin 2 |
|